 Seeded DCSS version 0.27.1 (webtiles) character file.

Game seed: 54394032 (custom seed)

67 a11behringer the Shield-Bearer (level 4, -1/36 HPs)
             Began as a Formicid Fighter on Aug 25, 2021.
             Was a Follower of Makhleb.
             Slain by an orc (6 damage)
             ... on level 3 of the Dungeon on Aug 26, 2021.
             The game lasted 00:11:15 (1977 turns).

a11behringer the Shield-Bearer (Formicid Fighter)   Turns: 1977, Time: 00:11:17

Health: -1/36      AC:  7    Str: 21    XL:     4   Next: 40%
Magic:  4/4        EV:  8    Int:  7    God:    Makhleb [*.....]
Gold:   68         SH:  9    Dex: 11    Spells: 3/3 levels left

rFire    . . .     SeeInvis +   a - +0 long sword
rCold    . . .     Faith    .   c - +0 kite shield
rNeg     . . .     Spirit   .   b - +0 scale mail
rPois    .         Reflect  .   (helmet unavailable)
rElec    .         Harm     .   (no cloak)
rCorr    .         Rampage  .   (no gloves)
Will     .....                  (no boots)
Stlth    ..........             (no amulet)
HPRegen  0.12/turn              (no ring)
MPRegen  0.09/turn              (no ring)

@: mighty
A: permanent stasis, dig shafts and tunnels, antennae 3, four strong arms
a: Dig, Shaft Self, Renounce Religion


You were on level 3 of the Dungeon.
You worshipped Makhleb.
Makhleb was aware of your devotion.
You visited 1 branch of the dungeon, and saw 3 of its levels.

You collected 68 gold pieces.

Inventory:

Hand Weapons
 a - a +0 long sword (weapon)
Armour
 b - a +0 scale mail (worn)
 c - a +0 kite shield (worn)
 f - a +0 pair of gloves
Jewellery
 n - a ring of ice
Scrolls
 e - a scroll of amnesia
 g - a scroll of magic mapping {unknown}
 l - a scroll of fear {unknown}
 m - a scroll of teleportation {unknown}
 o - a scroll of blinking {unknown}
 p - a scroll of torment {unknown}
Potions
 h - a potion of heal wounds {unknown}
 i - a potion of curing {unknown}
 j - a potion of haste {unknown}
 k - a potion of magic {unknown}


   Skills:
 - Level 3.6 Fighting
 * Level 3.2 Long Blades
 + Level 3.9 Armour
 - Level 4.1 Shields


You had 3 spell levels left.
You didn't know any spells.
Your spell library contained the following spells:

 Spells                   Type           Power      Damage    Failure   Level
 Inner Flame              Hex/Fire       0%         N/A       100%        3
 Stone Arrow              Conj/Erth      0%         3d7       100%        3
 Cause Fear               Hex            0%         N/A       100%        4
 Bolt of Magma            Conj/Fire/Erth 0%         4d4       100%        5
 Discord                  Hex            0%         N/A       100%        8
 Shatter                  Erth           0%         3d5*      100%        9


Dungeon Overview and Level Annotations

Branches:
Dungeon (3/15)

Altars:
Makhleb

Shops:
D:1 !   D:2 (


Innate Abilities, Weirdness & Mutations

You cannot be hasted, slowed, berserked, paralysed or teleported.
You can dig through walls and to a lower floor.
You have a pair of large antennae on your head. (SInv)
Your four strong arms can wield two-handed weapons with a shield.


Message History

You hit the orc but do no damage.
The orc is severely wounded.
A ball python comes into view.
The orc hits you with a +0 club.
Your shield prevents you from hitting the orc.
The orc is severely wounded.
The ball python hisses angrily.
The orc barely misses you.
An orc priest comes into view. It is wielding a +0 dagger.
The orc barely misses you.
An orc comes into view. It is wielding a +0 falchion.
The orc priest shouts!
You hit the orc.
You kill the orc!
Makhleb accepts your kill.
An orc comes into view. It is wielding a +0 whip.
You barely miss the orc.
The orc shouts!
You block the orc's attack. x2
The orc priest calls down the wrath of Beogh upon you.
Beogh smites you!
You barely miss the orc.
The ball python bites you but does no damage.
The ball python grabs you. The ball python constricts you.
The orc hits you with a +0 hand axe.
A rat comes into view.
The ball python bites you but does no damage.
The ball python constricts you.
You feel very mighty all of a sudden. The orc hits you with a +0 hand axe.
* * * LOW HITPOINT WARNING * * *
The ball python bites you but does no damage.
The ball python constricts you.
You slash the ball python!
You kill the ball python!
Makhleb accepts your kill. The orc hits you with a +0 hand axe.
* * * LOW HITPOINT WARNING * * *
The orc hits you with a +0 hand axe.
You die...

# #### ......# #........
...<..#####
#.....#.###.#.........
...#.#..>..#.........
#!.#.....###.........
..#....†)...........
#.##....†...........
..####o##........###.....
...ro.oo@†...............
.....#o######....###.....
... ...o ####.# ###... .
..... #.# #... #..... ..#
#... ##.... ### #...
#.... #... #..#. ####


You could see an orc priest, 4 orcs and a rat.

Vanquished Creatures
  2 adders (D:2)
  4 dart slugs (D:1)
  An orc (D:3)
  7 ball pythons
  5 endoplasms
  2 giant cockroaches
  3 hobgoblins
  3 kobolds
  2 quokkas
  6 bats
  6 rats (D:1)
41 creatures vanquished.

Notes
Turn   | Place    | Note
-------+----------+-------------------------------------------
     0 | D:1      | a11behringer the Formicid Fighter began the quest for the
                  | Orb.
     0 | D:1      | Reached XP level 1. HP: 18/18 MP: 1/1
    11 | D:1      | Found a faded altar of an unknown god.
    41 | D:1      | Reached XP level 2. HP: 18/24 MP: 2/2
    82 | D:1      | Became a worshipper of Makhleb the Destroyer
    82 | D:1      | Reached * piety under Makhleb
   439 | D:1      | Reached XP level 3. HP: 25/29 MP: 3/3
   520 | D:1      | Reached skill level 4 in Shields
   819 | D:1      | You fall into a shaft and drop 1 floor!
   877 | D:2      | Found Orugal's Antique Weapon Shop.
   990 | D:1      | Found Limei's Distillery.
  1231 | D:2      | Reached XP level 4. HP: 36/36 MP: 4/4
  1977 | D:3      | Slain by an orc

Illustrated notes

Levels and vault maps discovered:
D:1:      wander_arrival_fairy_ring, layout_basic,
          hellmonk_ecumenical_altar_run_dry, serial_shops, shop
D:2:      layout_basic, serial_shops, shop
D:3:      layout_basic, nicolae_qazlal_scattered_showers, uniq_ijyb

Skill      XL: |  1  2  3 |
---------------+----------+-----
Shields        | 4 |  4.1
Long Blades    | 3 |  3.2
Fighting       | |  3.6
Armour         | |  3.9

Action                   |  1- 3 |  4- 6 || total
-------------------------+-------+-------++-------
Melee: Long sword        |    80 |    29 ||   109
 Abil: Dig               |     3 |     1 ||     4
  Use: Scroll            |       |     1 ||     1
       Potion            |       |     1 ||     1
Armor: Scale mail        |    49 |    13 ||    62
Dodge: Dodged            |    31 |    13 ||    44
Block: Kite shield       |    36 |    19 ||    55
       Rpst.: Long sword |     8 |     6 ||    14
